 Dungeon Crawl Stone Soup version 0.31-a0-845-g9abc20d24f (webtiles) character file.

Game seed: 4304622568713951429

735 Maratek the Sneak (level 7, -10/48 HPs)
             Began as an Octopode Fighter on Oct 2, 2023.
             Killed from afar by a steam dragon (22 damage)
             ... with a ball of steam
             ... on level 4 of the Dungeon.
             The game lasted 00:05:40 (3572 turns).

Maratek the Sneak (Octopode Fighter)                Turns: 3572, Time: 00:05:40

Health: -10/48     AC:  1    Str: 18    XL:     7   Next: 74%
Magic:  7/7        EV: 13    Int: 10    God:
Gold:   501        SH:  4    Dex: 11    Spells: 6/6 levels left

rFire   x . .        a - +6 shillelagh "Devastator" {shatter}
rCold   + . .        b - +0 buckler
rNeg    . . .        (helmet restricted)
rPois   .            (no amulet)
rElec   .            m - ring of ice
rCorr   .            (no ring)
SInv    .            (no ring)
Will    .....        (no ring)
Stlth   ++++         (no ring)
HPRegen 0.28/turn    (no ring)
MPRegen 0.10/turn    (no ring)
                     (no ring)

%: no passive effects
@: no status effects
A: almost no armour, amphibious, 8 rings, camouflage 1, gelatinous body 1,
(nimble swimmer 1), tentacles
a: no special abilities


You were on level 4 of the Dungeon.
You visited 1 branch of the dungeon, and saw 4 of its levels.

You collected 501 gold pieces.

Inventory:

Hand Weapons
 a - the +6 shillelagh "Devastator" (weapon) {shatter}
   (You found it on level 2 of the Dungeon)
Armour
 b - a +0 buckler (worn)
Jewellery
 m - a ring of ice (left tentacle)
Scrolls
 g - a scroll of identify
 k - a scroll of enchant weapon {unknown}
Potions
 c - a potion of might
 d - a potion of attraction
 e - a potion of haste {unknown}
 f - 3 potions of curing
 h - a potion of lignification
 i - 2 potions of degeneration {unknown}
 j - a potion of magic {unknown}
 l - a potion of brilliance {unknown}


   Skills:
 + Level 4.2 Fighting
 + Level 4.4(5.0) Axes
 + Level 3.2(4.3) Maces & Flails
 + Level 3.7 Dodging
 + Level 6.2 Stealth
 + Level 3.5 Shields


You had 6 spell levels left.
You didn't know any spells.
Your spell library was empty.

Dungeon Overview and Level Annotations

Branches:
Dungeon (4/15)
 Temple: D:4-7

Altars:
Ru
Sif Muna
Xom

Shops:
D:4 *

Annotations:
D:4 1 transporter


Innate Abilities, Weirdness & Mutations

You cannot wear most types of armour.
You are amphibious.
You can wear up to eight rings at the same time.
Your skin changes colour to match your surroundings (Stealth+).
Your rubbery body absorbs attacks. (AC +1, EV +1)
((You are camouflaged when in or above water. (Stealth+)))
You have tentacles for arms and can constrict up to eight enemies at once.


Message History

An endoplasm is nearby!
A goblin comes into view. It is wielding a +0 club.
Found 10 gold pieces.
Blork the orc comes into view.
He is wielding a +0 war axe.
The endoplasm hits you.
A goblin comes into view. It is wielding a +0 club.
There is an open door here.
Blork the orc shouts!
You thump the endoplasm!
The goblin and Blork the orc shudder.
You kill the goblin!
Blork the orc is severely wounded.
You kill the endoplasm!
A steam dragon comes into view.
You barely miss Blork the orc. You grab Blork the orc.
You squeeze Blork the orc, but do no damage.
Blork the orc is severely wounded.
You constrict Blork the orc.
Blork the orc points at you and mumbles some strange words.
The puff of flame hits you! The fire burns you terribly!
A kobold comes into view. It is wielding a +0 whip.
You hit Blork the orc.
Blork the orc and the kobold shudder.
You kill Blork the orc!
You kill the kobold!
Your base Maces & Flails skill increases to level 3!
Things that are here:
a +0 war axe; a +0 robe You miss the goblin.
Your grab misses the goblin. The steam dragon breathes steam at you.
The ball of steam hits the goblin!!
The goblin dies!
The ball of steam hits you!! The steam scalds you terribly!
You are too injured to fight recklessly!
You are too injured to fight recklessly!
You are engulfed in a cloud of scalding steam.
You see here a +0 club.
You closely miss the steam dragon. Your squeeze misses the steam dragon.
You are engulfed in a cloud of scalding steam.
* * * LOW HITPOINT WARNING * * *
The steam dragon breathes steam at you. The ball of steam hits you!!
The steam scalds you terribly!
You die...

####### ##### #......
###...###
#......###)......#
........##.......#
...$$..)##.......#
..$..$D@§§§......#
#######...$$...###.....##
###.....#........#
##...##
.##.....##......######'##
.#.......#......#......#
.#.......########......#
.#....†).'......'......#
.##...).####'####......#
.###...##....## #......#


You could see a steam dragon (catching breath).

Vanquished Creatures
  Sigmund (D:2)
  2 phantoms (D:4)
  Blork the orc (D:4)
  A scorpion (D:4)
  A jelly (D:4)
  2 orc priests (D:4)
  Crazy Yiuf (D:2)
  An orc wizard (D:4)
  Robin (D:4)
  2 adders
  2 worms
  4 dart slugs
  3 orcs
  7 ball pythons
  5 bats
  13 endoplasms
  4 giant cockroaches
  13 goblins
  10 hobgoblins
  3 jackals (D:4)
  7 kobolds
  2 quokkas
  2 frilled lizards (D:1)
  4 rats
92 creatures vanquished.

Vanquished Creatures (others)
  An orc wizard (D:4)
  A goblin (D:4)
2 creatures vanquished.

Grand Total: 94 creatures vanquished

Notes
Turn   | Place    | Note
-------+----------+-------------------------------------------
     0 | D:1      | Maratek the Octopode Fighter began the quest for the Orb.
     0 | D:1      | Reached XP level 1. HP: 16/16 MP: 1/1
   278 | D:1      | Reached XP level 2. HP: 20/21 MP: 2/2
   598 | D:1      | Reached XP level 3. HP: 23/26 MP: 3/3
   928 | D:1      | Reached skill level 1 in Stealth
  1271 | D:2      | Noticed Sigmund
  1278 | D:2      | Killed Sigmund
  1279 | D:2      | Reached skill level 3 in Stealth
  1279 | D:2      | Reached XP level 4. HP: 32/33 MP: 4/4
  1279 | D:2      | Reached XP level 5. HP: 36/37 MP: 5/5
  1564 | D:2      | Identified the +7 hammer of Experimentation {flame, rElec}
  1570 | D:2      | Found a runed translucent door.
  1571 | D:2      | Noticed Crazy Yiuf
  1573 | D:2      | Found the +6 shillelagh "Devastator" {shatter}
  1580 | D:2      | Killed Crazy Yiuf
  1581 | D:2      | Reached skill level 4 in Stealth
  1581 | D:2      | Reached XP level 6. HP: 25/43 MP: 6/6
  2066 | D:3      | Found a shimmering blue altar of Sif Muna.
  2226 | D:3      | Found a sacrificial altar of Ru.
  2233 | D:3      | Found a shimmering altar of Xom.
  2355 | D:3      | Identified the +8 sling "Suoclenu" {flame, rElec}
  2905 | D:4      | Noticed Robin
  3138 | D:4      | Killed Robin
  3139 | D:4      | Reached skill level 1 in Maces & Flails
  3139 | D:4      | Reached skill level 5 in Stealth
  3155 | D:4      | Identified the +6 flail of Sofoekour {heavy, rPois rF+}
  3281 | D:4      | Found a transporter.
  3281 | D:4      | Found Afreg's General Store.
  3334 | D:4      | Reached XP level 7. HP: 46/48 MP: 7/7
  3530 | D:4      | Reached skill level 6 in Stealth
  3565 | D:4      | Noticed Blork the orc
  3566 | D:4      | Noticed a steam dragon
  3568 | D:4      | Killed Blork the orc
  3572 | D:4      | Killed from afar by a steam dragon

Illustrated notes

Levels and vault maps discovered:
D:1:      ebering_trefoil_3fold, layout_basic
D:2:      layout_loops_ring, palyth_stone_intersect,
          nicolae_houndstooth_variations, uniq_sigmund, uniq_crazy_yiuf_cottage
D:3:      minmay_skewed_foursquare, layout_basic, nicolae_sif_muna_condensation,
          amethyst_overflow_temple_binary, minmay_puff
D:4:      minmay_polygon_palace, layout_basic, serial_shops,
          nicolae_shop_drivethru, uniq_blork_the_orc, uniq_robin, uniq_eustachio

Skill      XL: |  1  2  3  4  5  6  7 |
---------------+----------------------+-----
Stealth        | 3 4 5 6 |  6.2
Axes           | 4 |  4.4
Maces & Flails | 1 3 |  3.2
Fighting       | 4 |  4.2
Dodging        | |  3.7
Shields        | |  3.5

Action                     |  1- 3 |  4- 6 |  7- 9 || total
---------------------------+-------+-------+-------++-------
  Melee: War axe           |    58 |     2 |       ||    60
         Constrict         |    15 |     6 |     2 ||    23
         Tentacles         |     8 |     8 |     4 ||    20
         Mace              |       |     5 |       ||     5
         Shillelagh        |       |    40 |    28 ||    68
    Use: Scroll            |       |     5 |       ||     5
   Stab: Sleeping          |     9 |     6 |     1 ||    16
 Armour: Skin              |    14 |    15 |    12 ||    41
  Dodge: Dodged            |    23 |    20 |    11 ||    54
  Block: Buckler           |     8 |     6 |     4 ||    18

Table legend: (Time is in decaauts)
 A = Elapsed time spent in this place.
 B = Non-inter-level travel time spent in this place.
 C = Inter-level travel time spent in this place.
 D = Time resting spent in this place.
 E = Time spent auto-exploring this place.
 F = Levels seen in this place.
 G = Mean time per level.
                   A        B        C        D        E       F      G
               +--------+--------+--------+--------+--------+-----+--------+
         Total |   3610 |   3520 |     90 |    266 |   2716 |   4 |  902.5 |
       Dungeon |   3610 |   3520 |     90 |    266 |   2716 |   4 |  902.5 |
               +--------+--------+--------+--------+--------+-----+--------+

Top non-repeatable levels by time:
     D:3: 1155 daAuts
     D:1: 1058 daAuts
     D:2: 891 daAuts
     D:4: 505 daAuts
